 Dungeon Crawl Stone Soup version 0.17.0-26-gececa24 (webtiles) character file.

310110 inmateoo the Bewitcher (level 20, -8/143 HPs)
             Began as a Vampire Enchanter on Nov 20, 2015.
             Was the Champion of Dithmenos.
             Mangled by a vault warden
             ... wielding a +0 great sword
              (48 damage)
             ... on level 4 of the Vaults.
             The game lasted 02:30:23 (51151 turns).

inmateoo the Bewitcher (Vampire Enchanter)         Turns: 51151, Time: 02:30:23

Health: -8/143     AC: 12    Str:  4    XL:     20   Next: 39%
Magic:  34/39      EV: 23    Int: 35    God:    Dithmenos [******]
Gold:   2182       SH:  0    Dex: 17    Spells: 10 memorised, 2 levels left

rFire  + . .     SeeInvis +     H - +8 rapier of Tender Mercy {venom, SInv}
rCold  + . .     Clarity  +     J - +2 robe {Archmagi}
rNeg   . . .     SustAt   .     (no shield)
rPois  +         Gourm    .     a - +2 hat
rElec  .         Spirit   .     W - +2 cloak {rPois}
rCorr  .         Warding  .     Q - +0 pair of gloves of Courage {+Fly rF+ Int+5 Dex-4} (curse)
rMut   +         Stasis   .     U - +2 pair of boots {run}
MR     ++...                    E - amulet of resist mutation
Stlth  ++++++++++               h - ring of protection from cold
                                y - ring "Efoco" {*Contam rPois Int+2 Dex+7}

@: regenerating quickly, wreathed by umbra, deflect missiles, quick, very
resistant to hostile enchantments, uncannily stealthy
A: fangs 3, horns 2, repulsion field 1, see invisible, breathe flames 2,
clarity, clumsy 1, deformed body, unbreathing
a: Shadow Step, Shadow Form, Renounce Religion, Breathe Fire, Evoke Flight
}: 2/15 runes: decaying, gossamer


You were on level 4 of the Vaults.
You worshipped Dithmenos.
Dithmenos was exalted by your worship.
You were very full.

You visited 7 branches of the dungeon, and saw 40 of its levels.
You visited 1 bazaar.
You also visited: Labyrinth, Ice Cave and Volcano.

You collected 4226 gold pieces.
You spent 1719 gold pieces at shops.

Inventory:

Hand Weapons
 H - the +8 rapier of Tender Mercy (weapon) {venom, SInv}
   (You found it on level 15 of the Dungeon)

   It poisons the flesh of those it strikes.
   It lets you see invisible.
Armour
 a - a +2 hat (worn)
 J - a +2 robe of the Archmagi (worn)
 Q - the cursed +0 pair of gloves of Courage (worn) {+Fly rF+ Int+5 Dex-4}
   (You found it in an ice cave)

   It affects your intelligence (+5).
   It affects your dexterity (-4).
   It protects you from fire.
   It lets you fly.
   It has a curse placed upon it.
 S - a +0 shield of reflection
 U - a +2 pair of boots of running (worn)
 W - a +2 cloak of poison resistance (worn)
Magical Staves
 P - an uncursed staff of power
Jewellery
 h - a ring of protection from cold (right hand)
 n - an uncursed ring of protection from fire
 w - an uncursed ring of wizardry
 y - the ring "Efoco" (left hand) {*Contam rPois Int+2 Dex+7}
   (You found it on level 6 of the Dungeon)

   [ring of intelligence]

   It affects your intelligence (+2).
   It affects your dexterity (+7).
   It protects you from poison.
   It causes magical contamination when unequipped.
 C - an uncursed amulet of resist corrosion
 D - an uncursed ring of positive energy
 E - an amulet of resist mutation (around neck)
Wands
 i - a wand of lightning (5)
 o - a wand of cold (1)
 u - a wand of invisibility (3)
 x - a wand of teleportation (3)
 K - a wand of disintegration (12)
 M - a wand of digging (15)
 V - a wand of paralysis (7)
Scrolls
 c - 5 scrolls of enchant weapon
 e - 11 scrolls of teleportation
 g - a scroll of magic mapping
 r - a scroll of enchant armour
 s - 6 scrolls of fog
 v - 7 scrolls of amnesia
 B - 8 scrolls of remove curse
 F - a scroll of fear
 G - 8 scrolls of recharging
 N - 5 scrolls of identify
Potions
 b - 2 potions of cure mutation
 f - 5 potions of flight
 j - 6 potions of brilliance
 k - 4 potions of might
 m - 8 potions of curing
 p - 8 potions of agility
 q - 4 potions of magic
 z - 4 potions of heal wounds
 A - a potion of resistance
 I - a potion of haste
Books
 L - a book of Dreams

   Spells                             Type                      Level
   a - Ensorcelled Hibernation        Hexes/Ice                    2
   b - Phase Shift                    Translocation                5
   c - Shadow Creatures               Summoning                    5
   d - Silence                        Hexes/Air                    5
   e - Darkness                       Hexes                        6
   f - Mass Confusion                 Hexes                        6
 O - a book of Power

   Spells                             Type                      Level
   a - Fulminant Prism                Conjuration/Hexes            4
   b - Iskenderun's Mystic Blast      Conjuration                  4
   c - Venom Bolt                     Conjuration/Poison           5
   d - Bolt of Magma                  Conjuration/Fire/Earth       5
   e - Iron Shot                      Conjuration/Earth            6
   f - Orb of Destruction             Conjuration                  7
   g - Spellforged Servitor           Conjuration/Summoning        7
Miscellaneous
 d - a phial of floods (inert)
 l - a fan of gales
 t - a sack of spiders
 R - a box of beasts {used: 7}


   Skills:
 + Level 8.8 Fighting
 - Level 14.3 Short Blades
 + Level 11.5 Dodging
 + Level 17.0 Stealth
 + Level 11.1 Shields
 * Level 15.0 Spellcasting
 * Level 8.5 Conjurations
 + Level 18.8 Hexes
 - Level 7.0 Charms
 - Level 7.2 Air Magic
 + Level 12.1 Evocations


You had 2 spell levels left.
You knew the following spells:

 Your Spells              Type           Power        Failure   Level  Hunger
a - Discord               Hex            ########..   4%          8    ######.
b - Ensorcelled Hibernat  Hex/Ice        ######       1%          2    None
c - Confuse               Hex            ########     0%          3    None
d - Dazzling Spray        Conj/Hex       ########     1%          3    None
e - Invisibility          Hex            ########     1%          6    ##.....
f - Deflect Missiles      Chrm/Air       #######...   14%         6    ##.....
g - Orb of Destruction    Conj           #######...   41%         7    ####...
h - Blink                 Tloc           N/A          2%          2    None
i - Passage of Golubria   Tloc           N/A          17%         4    None
j - Haste                 Chrm           #######.     14%         6    ##.....


Dungeon Overview and Level Annotations

Branches:
Dungeon (15/15)            Temple (1/1) D:5            Lair (8/8) D:8
  Swamp (4/4) Lair:4       Spider (4/4) Lair:5        Slime (0/6) Lair:8
    Orc (4/4) D:9             Elf (0/3) Orc:4        Vaults (4/5) D:13
  Crypt (0/3) Vaults:3     Depths (0/5) D:15

Altars:
Ashenzari
Cheibriados
Dithmenos
Elyvilon
Fedhas
Gozag
Kikubaaqudgha
Makhleb
Nemelex Xobeh
Okawaru
Qazlal
Ru
Sif Muna
Trog
Vehumet
Xom
Yredelemnul
Zin
The Shining One
Jiyva

Shops:
D:8 }   D:13 *   D:14 (*=[(   Orc:4 }}?*[:   Vaults:2 [


Innate Abilities, Weirdness & Mutations

Your natural rate of healing is unusually fast.
You have razor-sharp teeth.
You have supernaturally acute eyesight.
You can survive without breathing.
You have a pair of horns on your head.
You are surrounded by a mild repulsion field (EV +2).
You can breathe fire.
You possess an exceptional clarity of mind.
You are clumsy. (Dex -2)
Armour fits poorly on your strangely shaped body.


Message History

The yaktaur completely misses you.
The yaktaur hits you but does no damage.
The boulder beetle closely misses the vault warden.
The vault warden hits the boulder beetle with a great sword.
The yaktaur barely misses you.
The vault warden hits the boulder beetle with a great sword!!!
The boulder beetle dies!
Dithmenos accepts your kill. The yaktaur misses you.
The yaktaur completely misses you. The yaktaur completely misses you.
The yaktaur misses you.
The yaktaur hits the vault warden.
The vault warden hits the yaktaur with a great sword!!!
The yaktaur dies!
Dithmenos accepts your kill.
The vault warden hits you with a great sword!!! x2
* * * LOW HITPOINT WARNING * * *
You emit a cloud of dark smoke.
The vault warden hits you with a great sword!!!
You die...

##############
#..).........#
#.)..........#
#.).)§p@§..(.#
#.....§§.....#
#+####++####'#
#..# #..# #).#
#.)# #))# #).#


You could see a neutral vault warden (insane).

Vanquished Creatures
  Frederick (Vaults:3)
  the Lernaean hydra (Swamp:4)
  Rupert (Orc:4)
  An acid blob (Lair:8)
  The ghost of AAAAA the Warrior, an adept OgGl of Okawaru (Swamp:3)
  The ghost of BLOAX the Bludgeoner, an adept OgCK of Xom (Spider:4)
  An ancient champion (Vaults:3)
  A thorn hunter (Swamp:3)
  Roxanne (Swamp:3)
  Wiglaf (Spider:4)
  A fire giant (Vaults:4)
  Donald (Swamp:1)
  6 vault wardens
  3 azure jellies (Lair:8)
  Aizul (Swamp:3)
  6 ghost moths
  6 emperor scorpions
  A very ugly thing (Swamp:3)
  8 ironheart preservers
  A war gargoyle (Vaults:3)
  A stone giant (Vaults:3)
  A salamander stormcaller (Vaults:3)
  An eidolon (Vaults:3)
  A jiangshi (Vaults:3)
  2 blizzard demons (IceCv)
  Josephine (Orc:3)
  2 vault guards (Vaults:3)
  3 fire dragons
  An ice dragon (Vaults:3)
  A minotaur (Lab)
  2 great orbs of eyes
  2 rakshasas (Vaults:1)
  22 hydras
  4 yaktaur captains
  5 centaur warriors
  3 entropy weavers
  A ghost crab (Swamp:4)
  A dancing weapon (Vaults:3)
  10 alligators
  2 ogre magi (Vaults:1)
  2 death yaks (Lair:7)
  A tengu warrior (D:13)
  2 orc high priests (Orc:4)
  Urug (D:10)
  4 deep elf knights
  Sonja (D:13)
  Nergalle (D:12)
  2 skeletal warriors (Vaults:3)
  2 hell knights (Vaults:4)
  A storm dragon skeleton (Vaults:4)
  3 shadow wraiths
  A death drake (shapeshifter) (Vaults:2)
  5 ice devils (IceCv)
  11 deep trolls
  A shambling mangrove (Swamp:1)
  A deep elf summoner (Vaults:1)
  2 unseen horrors
  2 wizards
  4 necromancers
  10 swamp dragons
  Pikel (D:4)
  13 hill giants
  19 orb spiders
  A deep elf conjurer (Vaults:1)
  13 orc knights
  A manticore (D:12)
  26 wolf spiders
  14 ironbrand convokers
  5 hornets
  7 griffons
  5 orc sorcerers
  29 ugly things
  2 moths of wrath
  Maurice (Orc:4)
  20 elephants
  8 cyclopes
  2 naga magi (D:15)
  7 black mambas
  An ice statue (IceCv)
  2 gargoyles
  Psyche (D:11)
  10 vault sentinels
  3 anaconda simulacra (IceCv)
  24 spiny frogs
  4 torpor snails
  A yaktaur (shapeshifter) (Vaults:4)
  2 komodo dragons (shapeshifter)
  6 komodo dragons
  10 demonic crawlers
  38 yaktaurs
  2 blue devils (IceCv)
  4 kobold demonologists
  The ghost of Statics the Ruffian, a novice GrMo (D:4)
  3 deep elf priests
  2 spriggan druids
  7 polar bears
  A tengu simulacrum (Vaults:3)
  3 trolls
  5 two-headed ogres
  A golden dragon simulacrum (IceCv)
  A tengu conjurer (D:13)
  25 blink frogs
  8 fire drakes
  3 freezing wraiths
  7 giant leeches
  A wolf spider simulacrum (IceCv)
  5 bog bodies
  21 jumping spiders
  A harpy skeleton (D:14)
  A blink frog (shapeshifter) (Vaults:1)
  31 slime creatures
  12 boulder beetles
  3 fire elementals (D:12)
  Sigmund (D:5)
  7 trapdoor spiders
  2 wyverns
  46 redbacks
  A spriggan (shapeshifter) (Vaults:4)
  3 shadows
  A dire elephant simulacrum (IceCv)
  25 tarantellas
  15 deep elf magi
  41 yaks
  3 vampires (Volcano)
  A salamander simulacrum (Vaults:4)
  23 spriggans
  4 basilisks
  5 harpy simulacra (IceCv)
  A tarantella (shapeshifter) (Vaults:3)
  4 wraiths
  5 hippogriffs
  26 vampire mosquitoes
  2 hungry ghosts
  A steam dragon (Lair:7)
  48 wolves
  6 deep elf fighters
  A death yak simulacrum (IceCv)
  4 wargs
  2 human simulacra
  24 swamp worms
  5 hydra simulacra (IceCv)
  4 iron troll simulacra (IceCv)
  2 hell hounds (D:12)
  12 insubstantial wisps
  3 mottled dragons
  3 sky beasts
  22 water moccasins
  14 swamp drakes
  13 porcupines
  An alligator simulacrum (IceCv)
  3 slaves (D:4)
  13 black bears (Lair:8)
  12 wasps
  21 centaurs
  3 boggarts (Vaults:3)
  25 spiders
  An eye of draining (D:15)
  25 orc warriors
  A centaur (shapeshifter) (Vaults:3)
  A necrophage (D:12)
  3 phantoms
  14 ogres
  13 ice beasts
  15 crocodiles
  25 giant frogs
  A brain worm (Lair:8)
  4 big kobolds
  2 elf zombies (D:15)
  9 scorpions
  A troll zombie (D:15)
  17 wights
  A water moccasin skeleton (D:7)
  An elephant simulacrum (IceCv)
  14 killer bees
  A troll skeleton (Lab)
  A spriggan skeleton (Lab)
  2 electric eels
  3 crimson imps
  A draconian simulacrum (IceCv)
  6 centaur zombies
  A giant frog zombie (D:10)
  3 human zombies (D:15)
  5 centaur skeletons
  6 jellies
  A quasit (D:9)
  Crazy Yiuf (D:3)
  21 orc priests
  7 hounds
  An iron imp (Orc:1)
  2 giant frog skeletons
  21 orc wizards
  5 iguanas
  4 troll simulacra (IceCv)
  11 sheep
  10 worker ants
  A centaur simulacrum (IceCv)
  2 ogre skeletons (Lab)
  3 mummies
  A worker ant zombie (D:11)
  8 adders
  2 naga simulacra (IceCv)
  48 river rats
  3 gnolls
  5 shadow imps
  5 ogre simulacra
  9 white imps
  5 ufetubi (IceCv)
  An ooze (D:4)
  4 worms
  5 giant geckos
  164 orcs
  5 ball pythons
  10 bats
  9 goblins
  8 hobgoblins
  19 kobolds
  4 quokkas
  5 giant cockroaches
  4 giant newts (D:2)
  11 jackals
  A jackal skeleton (D:9)
  A quokka skeleton (D:4)
  11 rats
  2 briar patches (Swamp:3)
  A bush (D:3)
  A fungus (Lair:7)
1668 creatures vanquished.

Vanquished Creatures (collateral kills)
  Margery (Vaults:4)
  Jory (Vaults:2)
  A lich (Vaults:2)
  Arachne (Spider:4)
  A thorn hunter (Swamp:3)
  A tengu reaver (Vaults:2)
  3 vault wardens
  2 emperor scorpions
  A ghost moth (Spider:4)
  3 ironheart preservers
  Azrael (D:12)
  2 vault guards (Vaults:3)
  A rakshasa (Vaults:1)
  A yaktaur captain (Vaults:1)
  2 hydras (Swamp:4)
  An ogre mage (Vaults:4)
  A centaur warrior (Vaults:2)
  A deep troll earth mage (Vaults:3)
  2 death yaks (Lair:7)
  2 orc high priests (Orc:4)
  A hell knight (Vaults:4)
  A spriggan druid (Swamp:2)
  2 deep trolls
  6 ironbrand convokers
  An obsidian statue (D:15)
  2 orb spiders (Spider:4)
  3 orc knights
  2 cyclopes (Vaults:2)
  3 ugly things (Vaults:3)
  2 orc sorcerers
  A hornet (Spider:4)
  12 wolf spiders (Spider:4)
  3 vault sentinels
  A kobold demonologist (Vaults:3)
  A freezing wraith (Vaults:2)
  8 yaktaurs
  3 jumping spiders
  A boulder beetle (Vaults:4)
  2 two-headed ogres
  A bog body (Swamp:3)
  A spriggan (Swamp:2)
  A trapdoor spider (Spider:4)
  A tarantella (Spider:4)
  A vampire mosquito (Swamp:2)
  A deep elf fighter (Vaults:3)
  2 wargs
  5 swamp drakes
  4 spiders (Spider:4)
  2 boggarts (Vaults:1)
  6 ogres
  4 wasps
  8 orc warriors
  4 orc wizards
  5 orc priests
  A river rat (Lair:7)
  14 orcs
145 creatures vanquished.

Vanquished Creatures (others)
  An ironbrand convoker (Vaults:1)
  An orc high priest (Orc:4)
  2 swamp dragons (Swamp:4)
  3 wolf spiders (Spider:4)
  A vault sentinel (Vaults:1)
  A griffon (Vaults:1)
  A jumping spider (Spider:4)
  A merfolk (Lair:8)
  A slime creature (D:12)
  A tarantella (Spider:4)
  A swamp worm (Swamp:2)
  A warg (Vaults:1)
  2 orc warriors (Orc:4)
  A boggart (Vaults:1)
  An orc wizard (Orc:4)
  An ufetubus (IceCv)
  3 orcs
  61 fungi
  38 plants
122 creatures vanquished.

Grand Total: 1935 creatures vanquished

Notes
Turn   | Place    | Note
--------------------------------------------------------------
     0 | D:1      | inmateoo the Vampire Enchanter began the quest for the Orb.
     0 | D:1      | Reached XP level 1. HP: 13/13 MP: 3/3
   311 | D:1      | Reached XP level 2. HP: 17/19 MP: 5/5
   469 | D:1      | Learned a level 2 spell: Ensorcelled Hibernation
   995 | D:2      | Reached XP level 3. HP: 24/24 MP: 6/6
  1063 | D:2      | Learned a level 3 spell: Confuse
  1437 | D:2      | Reached skill level 5 in Hexes
  1573 | D:3      | Gained mutation: You possess an exceptional clarity of mind. [potion of mutation]
  1573 | D:3      | Gained mutation: You are surrounded by a mild repulsion field (EV +2). [potion of mutation]
  1574 | D:3      | Found a white marble altar of Elyvilon.
  1579 | D:3      | Reached XP level 4. HP: 30/30 MP: 8/8
  1758 | D:3      | Reached skill level 5 in Stealth
  2111 | D:3      | Noticed a centaur
  2137 | D:3      | Killed a centaur
  2137 | D:3      | Reached skill level 6 in Hexes
  2137 | D:3      | Reached XP level 5. HP: 21/35 MP: 0/9
  2231 | D:3      | Gained mutation: You are weak. (Str -2) [potion of mutation]
  2231 | D:3      | Lost mutation: You are weak. (Str -2) [potion of mutation]
  2231 | D:3      | Gained mutation: You can breathe flames. [potion of mutation]
  2232 | D:3      | Gained mutation: Your muscles are strong. (Str +2) [potion of mutation]
  2232 | D:3      | Lost mutation: You possess an exceptional clarity of mind. [potion of mutation]
  2232 | D:3      | Gained mutation: You are clumsy. (Dex -2) [potion of mutation]
  2562 | D:3      | Noticed Crazy Yiuf
  2568 | D:3      | Killed Crazy Yiuf
  2802 | D:4      | Noticed Statics's ghost (novice GrMo)
  2977 | D:4      | Noticed Pikel
  2977 | D:4      | Noticed a slave
  2977 | D:4      | Noticed a slave
  2978 | D:4      | Noticed a slave
  2979 | D:4      | Noticed a slave
  3072 | D:4      | Reached XP level 6. HP: 41/41 MP: 10/10
  3459 | D:4      | Killed a slave
  3825 | D:4      | Killed a slave
  3827 | D:4      | Killed a slave
  3840 | D:4      | HP: 2/41 [Pikel/whip of freezing (1)]
  3899 | D:4      | Killed Pikel
  3899 | D:4      | Reached skill level 8 in Hexes
  3899 | D:4      | Reached XP level 7. HP: 16/46 MP: 0/13
  4178 | D:4      | Killed Statics's ghost
  4178 | D:4      | Reached XP level 8. HP: 41/52 MP: 4/14
  4202 | D:5      | Entered Level 5 of the Dungeon
  4280 | D:5      | Noticed Sigmund
  4287 | D:5      | Killed Sigmund
  4287 | D:5      | Reached skill level 5 in Dodging
  4287 | D:5      | Reached skill level 9 in Hexes
  4546 | D:5      | Found a staircase to the Ecumenical Temple.
  4552 | Temple   | Entered the Ecumenical Temple
  4556 | Temple   | Became a worshipper of Dithmenos the Shadowed
  4612 | D:5      | Gained mutation: You can breathe fire. [potion of mutation]
  4612 | D:5      | Gained mutation: You have a pair of small horns on your head. [potion of mutation]
  4612 | D:5      | Gained mutation: You are resistant to hostile enchantments. [potion of mutation]
  4771 | D:5      | Found a shimmering altar of Xom.
  4775 | D:5      | Found an opulent altar of Gozag.
  5111 | D:6      | Found a bloodstained altar of Trog.
  5157 | D:6      | Got a brightly glowing rapier
  5158 | D:6      | Identified the cursed +0 rapier of Dismemberment {pierce, *Corrode rPois rC+ MP+9} (You found it on level 6 of the Dungeon)
  5177 | D:6      | Reached skill level 10 in Hexes
  5192 | D:6      | Got a shimmering lead ring
  5240 | D:6      | Reached skill level 5 in Short Blades
  5389 | D:7      | Learned a level 3 spell: Dazzling Spray
  5393 | D:7      | Learned a level 3 spell: Tukima's Dance
  5395 | D:7      | Identified the ring "Efoco" {*Contam rPois Int+2 Dex+7} (You found it on level 6 of the Dungeon)
  5414 | D:7      | Reached skill level 5 in Spellcasting
  5450 | D:7      | Reached XP level 9. HP: 57/57 MP: 16/16
  5459 | D:7      | Reached * piety under Dithmenos
  5874 | D:7      | Found an ancient bone altar of Kikubaaqudgha.
  6185 | D:8      | Reached ** piety under Dithmenos
  6185 | D:8      | Reached skill level 11 in Hexes
  6203 | D:8      | Found Fiuc Hot's Gadget Boutique.
  6549 | D:8      | Reached skill level 1 in Evocations
  6693 | D:8      | Found a staircase to the Lair.
  6904 | D:8      | Noticed a hill giant
  6910 | D:8      | Killed a hill giant
  7107 | D:9      | Reached XP level 10. HP: 63/63 MP: 19/19
  7256 | D:9      | Reached skill level 12 in Hexes
  7375 | D:9      | Found a staircase to the Orcish Mines.
  7455 | D:9      | Found a sparkling altar of Nemelex Xobeh.
  7483 | D:9      | Reached *** piety under Dithmenos
  7704 | D:9      | Reached skill level 10 in Stealth
  7741 | D:9      | Found a stormy altar of Qazlal.
  7757 | D:9      | Found a bloodstained altar of Trog.
  7758 | D:9      | Found a sparkling altar of Nemelex Xobeh.
  8058 | D:10     | Entered Level 10 of the Dungeon
  8397 | D:10     | Noticed Urug
  8420 | D:10     | Killed Urug
  8468 | D:10     | Reached skill level 13 in Hexes
  8484 | D:10     | Noticed a hill giant
  8491 | D:10     | Killed a hill giant
  8805 | D:11     | Found a sacrificial altar of Ru.
  8863 | D:11     | Reached XP level 11. HP: 57/68 MP: 15/21
  8893 | D:11     | Noticed a hill giant
  8914 | D:11     | Killed a hill giant
  8959 | D:11     | Noticed a hill giant
  8965 | D:11     | Killed a hill giant
  9108 | D:11     | Reached **** piety under Dithmenos
  9549 | D:11     | Drew Focus: Int increased to 21, Str decreased to 6
  9734 | D:11     | Noticed Psyche
  9739 | D:11     | Killed Psyche
  9783 | D:11     | Reached skill level 14 in Hexes
 10188 | D:12     | Noticed Azrael
 10279 | D:12     | Found a sparkling altar of Nemelex Xobeh.
 10330 | D:12     | Found a labyrinth entrance.
 10351 | Lab      | Entered a labyrinth
 10730 | Lab      | Noticed a minotaur
 10736 | Lab      | Killed a minotaur
 10969 | D:12     | Learned a level 8 spell: Discord
 10976 | D:12     | Learned a level 6 spell: Deflect Missiles
 11032 | D:12     | Noticed a hill giant
 11049 | D:12     | Killed a hill giant
 11234 | D:12     | Killed Azrael
 11234 | D:12     | Reached skill level 1 in Charms
 11234 | D:12     | Reached skill level 1 in Air Magic
 11234 | D:12     | Reached XP level 12. HP: 42/74 MP: 17/23
 11408 | D:12     | Noticed an unseen horror
 11415 | D:12     | Killed an unseen horror
 11667 | D:12     | Reached skill level 5 in Evocations
 11724 | D:12     | Noticed Nergalle
 11726 | D:12     | Reached skill level 15 in Hexes
 12135 | D:12     | Killed Nergalle
 12344 | D:13     | Found a flickering gateway to a bazaar.
 12350 | Bazaar   | Entered a bazaar
 12368 | Bazaar   | Found Niulom's Book Shoppe.
 12383 | Bazaar   | Found Kitiskergh's Armour Shoppe.
 12383 | Bazaar   | Found Kathrayri's Antique Armour Emporium.
 12396 | Bazaar   | Found Fovadwoe's Gadget Shoppe.
 12443 | Bazaar   | Bought a runed cloak for 121 gold pieces
 12501 | Bazaar   | Bought an ornate deck of wonders for 240 gold pieces
 12683 | D:13     | Noticed Sonja
 12690 | D:13     | Killed Sonja
 13011 | D:14     | Found Ethe's Jewellery Shop.
 13123 | D:14     | Reached ***** piety under Dithmenos
 13135 | D:14     | Found a glowing golden altar of the Shining One.
 13280 | D:14     | Found Pifam's General Store.
 13351 | D:14     | Found Giub's Antique Weapon Emporium.
 13439 | D:14     | Found Pibruwi's Armour Boutique.
 13524 | D:14     | Reached skill level 16 in Hexes
 13546 | D:14     | Reached XP level 13. HP: 79/79 MP: 1/25
 13623 | D:14     | Found Izxefod's Antique Weapon Shoppe.
 13700 | D:15     | Entered Level 15 of the Dungeon
 13705 | D:15     | Got a transparent rapier
 13813 | D:15     | Identified the +8 rapier of Tender Mercy {venom, SInv} (You found it on level 15 of the Dungeon)
 13899 | D:15     | Found a staircase to the Depths.
 14095 | D:15     | Reached skill level 10 in Short Blades
 14197 | D:15     | Found a basalt altar of Yredelemnul.
 14604 | D:15     | Reached skill level 10 in Dodging
 14628 | D:15     | Reached skill level 5 in Charms
 14812 | D:14     | Bought a dazzling dagger for 252 gold pieces
 14812 | D:14     | Identified the +2 dagger "Kykh" {pain, +Fly} (You bought it in a shop on level 14 of the Dungeon)
 14869 | D:15     | Reached skill level 5 in Air Magic
 15419 | D:12     | Noticed a five-headed hydra
 15453 | D:12     | Killed a five-headed hydra
 15453 | D:12     | Reached skill level 17 in Hexes
 15620 | D:13     | Noticed a centaur warrior
 15632 | D:13     | Killed a centaur warrior
 15973 | D:13     | You fall through a shaft for 2 floors!
 16178 | D:13     | Found Xuits's General Store.
 16211 | D:13     | Bought a scroll of enchant armour for 105 gold pieces
 16211 | D:13     | Bought a potion of agility for 56 gold pieces
 16211 | D:13     | Bought a scroll of fear for 49 gold pieces
 16383 | D:13     | Reached skill level 1 in Conjurations
 16387 | D:13     | Reached XP level 14. HP: 52/86 MP: 11/26
 16422 | D:13     | Reached ****** piety under Dithmenos
 16592 | D:13     | Noticed a centaur warrior
 16817 | D:13     | Killed a centaur warrior
 16817 | D:13     | Reached skill level 1 in Fighting
 16839 | D:13     | Found a gate to the Vaults.
 17240 | Lair:1   | Entered Level 1 of the Lair of Beasts
 19526 | Lair:4   | Found a staircase to the Swamp.
 19814 | Lair:4   | Found a runed door.
 20336 | Lair:5   | Found a hole to the Spider Nest.
 20625 | Lair:5   | Reached skill level 15 in Stealth
 21598 | Lair:6   | Reached XP level 15. HP: 77/98 MP: 20/28
 21705 | Lair:6   | Learned a level 7 spell: Orb of Destruction
 23260 | Lair:7   | Reached skill level 10 in Spellcasting
 23512 | Lair:8   | Entered Level 8 of the Lair of Beasts
 23539 | Lair:8   | Found a runed door.
 23540 | Lair:8   | Noticed an azure jelly
 23541 | Lair:8   | Found a viscous altar of Jiyva.
 23541 | Lair:8   | Noticed an azure jelly
 23542 | Lair:8   | Noticed an azure jelly
 23552 | Lair:8   | Found a staircase to the Slime Pits.
 23559 | Lair:8   | Killed an azure jelly
 23561 | Lair:8   | Killed an azure jelly
 23563 | Lair:8   | Killed an azure jelly
 23646 | Lair:8   | Learned a level 2 spell: Blink
 24532 | Lair:8   | Drew Focus: Int increased to 25, Str decreased to 5
 24534 | Lair:8   | Drew Focus: Int increased to 26, Str decreased to 4
 24537 | Lair:8   | Drew Focus: Int increased to 27, Str decreased to 3
 24538 | Lair:8   | Hired Zurutari the merfolk for 287 gold.
 24544 | Lair:8   | Lost mutation: You are resistant to hostile enchantments. [helix card]
 24544 | Lair:8   | Lost mutation: Your muscles are strong. (Str +2) [helix card]
 24568 | Lair:8   | Your ally Zurutari died
 25100 | Lair:8   | Noticed an acid blob
 25109 | Lair:8   | Killed an acid blob
 25703 | Orc:1    | Entered Level 1 of the Orcish Mines
 26186 | Orc:2    | Reached XP level 16. HP: 89/104 MP: 23/31
 26926 | Orc:3    | Noticed Josephine
 26939 | Orc:3    | Killed Josephine
 27266 | Orc:4    | Entered Level 4 of the Orcish Mines
 27299 | Orc:4    | Found a staircase to the Elven Halls.
 27329 | Orc:4    | Found Qoigod's Gadget Boutique.
 27391 | Orc:4    | Reached skill level 10 in Evocations
 27518 | Orc:4    | Found Rupheigos's Gadget Shop.
 27539 | Orc:4    | Noticed Maurice
 27547 | Orc:4    | Killed Maurice
 27590 | Orc:4    | Found a dark tunnel.
 27599 | Volcano  | Entered a volcano
 27842 | Orc:4    | Noticed Rupert
 27848 | Orc:4    | Killed Rupert
 28119 | Orc:4    | Bought a wand of invisibility (4) for 96 gold pieces
 28122 | Orc:4    | Bought a wand of teleportation (3) for 294 gold pieces
 28396 | Orc:4    | Paralysed by an orc sorcerer for 3 turns
 28408 | Orc:4    | Paralysed by an orc sorcerer for 4 turns
 28413 | Orc:4    | Found Madaysyda's Book Shoppe.
 28413 | Orc:4    | Found Qixeikana's Magic Scroll Shop.
 28415 | Orc:4    | Found Osuvom's Antique Armour Shoppe.
 28415 | Orc:4    | Found Zugor's Assorted Antiques.
 28740 | Orc:4    | Bought a scroll of identify for 30 gold pieces
 28740 | Orc:4    | Bought a scroll of identify for 30 gold pieces
 28740 | Orc:4    | Bought a scroll of identify for 30 gold pieces
 28745 | Orc:4    | Bought 2 bubbling brown potions for 64 gold pieces
 28745 | Orc:4    | Bought a scroll labeled WAS TEANKU for 36 gold pieces
 28745 | Orc:4    | Bought a scroll of identify for 72 gold pieces
 28746 | Orc:4    | Gained mutation: You have a pair of horns on your head. [potion of beneficial mutation]
 28747 | Orc:4    | Gained mutation: You possess an exceptional clarity of mind. [potion of beneficial mutation]
 28752 | Orc:4    | Bought a glowing cloak for 108 gold pieces
 28766 | Orc:4    | Bought an ancient robe for 136 gold pieces
 28767 | Orc:4    | Identified the cursed +1 robe of the Suburbs {Int+6} (You bought it in a shop on level 4 of the Orcish Mines)
 29182 | Swamp:1  | Entered Level 1 of the Swamp
 29214 | Swamp:1  | Got a bloodstained helmet
 29602 | Swamp:1  | Noticed Donald
 29605 | Swamp:1  | Killed Donald
 30297 | Swamp:2  | Reached skill level 1 in Shields
 30328 | Swamp:2  | Found a frozen archway.
 30371 | IceCv    | Entered an ice cave
 31619 | IceCv    | Reached skill level 5 in Shields
 31897 | IceCv    | Got a pair of spiked gloves
 31908 | IceCv    | Identified the cursed +0 pair of gloves of Courage {+Fly rF+ Int+5 Dex-4} (You found it in an ice cave)
 31935 | IceCv    | Identified a +1 pair of boots of running (You found it in an ice cave)
 32617 | Swamp:2  | Identified a scroll of acquirement
 33181 | Swamp:3  | Reached XP level 17. HP: 110/110 MP: 32/32
 33679 | Swamp:3  | Noticed Roxanne
 33776 | Swamp:3  | Found a shattered altar of Ashenzari.
 33804 | Swamp:3  | Noticed Aizul
 33825 | Swamp:3  | Killed Aizul
 34650 | Swamp:3  | Noticed AAAAA's ghost (adept OgGl)
 34663 | Swamp:3  | Killed Roxanne
 34684 | Swamp:3  | Killed AAAAA's ghost
 34688 | Swamp:3  | Identified Roxanne's Papyrus of Transmigration and Stones (You took it off Roxanne on level 3 of the Swamp)
 35248 | Swamp:4  | Entered Level 4 of the Swamp
 35365 | Swamp:4  | Reached skill level 10 in Shields
 35564 | Swamp:4  | Noticed the 27-headed Lernaean hydra
 36134 | Swamp:4  | Killed the 27-headed Lernaean hydra
 36356 | Swamp:4  | Got a decaying rune of Zot
 36636 | Spider:1 | Entered Level 1 of the Spider Nest
 36683 | Spider:1 | Learned a level 4 spell: Passage of Golubria
 36725 | Spider:1 | Reached skill level 5 in Conjurations
 37263 | Spider:1 | Identified Moigreol's Grimoire of Orientation and Creation (You found it on level 1 of the Spider Nest)
 37515 | Spider:1 | Reached skill level 5 in Fighting
 39757 | Spider:3 | Reached XP level 18. HP: 121/123 MP: 31/34
 39780 | Spider:3 | Learned a level 6 spell: Invisibility
 40567 | Spider:4 | Entered Level 4 of the Spider Nest
 40749 | Spider:4 | Noticed BLOAX's ghost (adept OgCK)
 40977 | Spider:4 | Killed BLOAX's ghost
 41131 | Spider:4 | Noticed Wiglaf
 41135 | Spider:4 | Killed Wiglaf
 42023 | Vaults:1 | Entered Level 1 of the Vaults
 42899 | Spider:4 | Noticed Arachne
 42911 | Spider:4 | Killed Arachne
 43930 | Spider:4 | Got a gossamer rune of Zot
 45057 | Vaults:1 | Reached XP level 19. HP: 102/134 MP: 35/37
 45406 | Vaults:1 | Reached skill level 18 in Hexes
 47285 | Vaults:2 | Found Kehemn's Armour Shoppe.
 47285 | Vaults:2 | Noticed a lich
 47295 | Vaults:2 | Killed a lich
 47621 | Vaults:2 | Noticed Jory
 47637 | Vaults:2 | Killed Jory
 48029 | Vaults:3 | Learned a level 6 spell: Haste
 48250 | Vaults:3 | Noticed Frederick
 48267 | Vaults:3 | Killed Frederick
 49404 | Vaults:3 | Reached XP level 20. HP: 143/143 MP: 33/38
 50086 | Vaults:3 | Found a staircase to the Crypt.
 50238 | Vaults:3 | Gained mutation: Armour fits poorly on your strangely shaped body. [mutagenic glow]
 50804 | Vaults:4 | Noticed Margery
 50810 | Vaults:4 | Reached skill level 15 in Spellcasting
 50955 | Vaults:4 | Killed Margery
 51151 | Vaults:4 | Mangled by a vault warden

Action                   |  1- 3 |  4- 6 |  7- 9 | 10-12 | 13-15 | 16-18 | 19-21 || total
-------------------------+-------+-------+-------+-------+-------+-------+-------++-------
Melee: Dagger            |   147 |   262 |    39 |    20 |       |       |       ||   468
       Rapier            |       |       |   200 |   437 |  1081 |  1336 |   520 ||  3574
       Short sword       |       |       |       |    51 |       |       |       ||    51
 Cast: Ensorcelled Hiber |     8 |    21 |     6 |    83 |   129 |   168 |    76 ||   491
       Confuse           |       |    15 |    31 |    63 |    54 |   125 |    32 ||   320
       Dazzling Spray    |       |       |     4 |    57 |   121 |   243 |    78 ||   503
       Discord           |       |       |       |       |     1 |     8 |    12 ||    21
       Deflect Missiles  |       |       |       |       |     1 |     2 |       ||     3
       Invisibility      |       |       |       |       |       |     6 |     2 ||     8
       Blink             |       |       |       |       |       |       |     1 ||     1
       Haste             |       |       |       |       |       |       |     1 ||     1
Invok: Shadow Step       |       |       |       |       |     3 |    11 |     1 ||    15
 Abil: Breathe Fire      |       |     2 |       |       |       |       |       ||     2
Evoke: Deck              |       |       |       |     6 |    14 |       |       ||    20
       Phial of floods   |       |       |       |     1 |     3 |     6 |     5 ||    15
       Wand              |       |       |       |     3 |       |    16 |     1 ||    20
       Box of beasts     |       |       |       |       |     2 |     4 |     1 ||     7
       Fan of gales      |       |       |       |       |       |     1 |       ||     1
  Use: Scroll            |    11 |     7 |     4 |    12 |     8 |    23 |     5 ||    70
       Potion            |     1 |     4 |     2 |       |     3 |    12 |     3 ||    25
 Stab: Sleeping          |    21 |    19 |    30 |   100 |   210 |   237 |   110 ||   727
       Invisible         |       |     3 |     1 |     6 |    30 |    49 |    26 ||   115
       Confused          |       |     2 |    21 |    47 |    30 |    67 |    18 ||   185
       Distracted        |       |       |       |     1 |     9 |    13 |     5 ||    28
  Eat: Corpse            |    16 |    13 |    18 |    25 |    68 |    51 |    34 ||   225
